 Dungeon Crawl Stone Soup version 0.21.1-1-g345015f (webtiles) character file.

77 halftheisland the Cudgeler (level 4, -4/45 HPs)
             Began as a Troll Berserker on Feb 12, 2018.
             Was a Believer of Trog.
             Killed by nerve-wracking pain
             ... invoked by Grinder
              (8 damage)
             ... while paralysed by Grinder
             ... on level 3 of the Dungeon.
             The game lasted 00:06:24 (1711 turns).

halftheisland the Cudgeler (Troll Berserker)        Turns: 1711, Time: 00:06:25

Health: -4/45      AC:  9    Str: 25    XL:     4   Next: 13%
Magic:  3/3        EV:  1    Int:  3    God:    Trog [**....]
Gold:   129        SH:  0    Dex: 10    Spells: 3/3 levels left

rFire    . . .     SeeInvis .   a - +0 mace
rCold    . . .     Gourm    +   (no shield)
rNeg     . . .     Faith    .   b - +0 animal skin
rPois    .         Spirit   .   (helmet restricted)
rElec    .         Reflect  .   e - scarf {cloud immunity}
rCorr    .         Harm     .   (gloves unavailable)
MR       .....                  (boots unavailable)
Stlth    +.........             (no amulet)
HPRegen  0.55/turn              f - +4 ring of protection
MPRegen  0.08/turn              (no ring)

@: paralysed
A: large, unfitting armour, claws 3, fast metabolism 3, gourmand, regeneration
1, shaggy fur 1, tough skin 2
a: Berserk, Trog's Hand, Burn Spellbooks, Renounce Religion


You were on level 3 of the Dungeon.
You worshipped Trog.
Trog was pleased with you.
You were full.

You visited 1 branch of the dungeon, and saw 3 of its levels.

You collected 129 gold pieces.

Inventory:

Hand Weapons
 a - a +0 mace (weapon)
 d - a +0 hand axe of chopping
Missiles
 l - 33 poisoned needles
Armour
 b - a +0 animal skin (worn)
 e - a scarf of cloud immunity (worn)
Jewellery
 f - a +4 ring of protection (left claw)
Scrolls
 h - 2 scrolls of remove curse {unknown}
 i - 2 scrolls of identify
 j - a scroll of teleportation {unknown}
 n - a scroll of enchant armour {unknown}
Potions
 g - a potion of lignification
 k - a potion of resistance {unknown}
 m - a potion of degeneration {unknown}
 o - a potion of heal wounds {unknown}
Comestibles
 c - 9 rations


   Skills:
 * Level 3.1 Fighting
 * Level 4.0 Maces & Flails
 - Level 2.4 Dodging


You had 3 spell levels left.
You didn't know any spells.

Dungeon Overview and Level Annotations

Branches:
Dungeon (3/15)

Altars:
Ashenzari
Fedhas

Annotations:
D:3 Grinder


Innate Abilities, Weirdness & Mutations

You are too large for most types of armour.
You have claws for hands.
Your metabolism is lightning-fast.
You like to eat raw meat.
Your natural rate of healing is unusually fast.
You are covered in fur. (AC +1)
You have very tough skin. (AC +2)


Message History

You closely miss Grinder.
Grinder is severely wounded.
Grinder hits you.
You writhe in agony.
* * * LOW HITPOINT WARNING * * *
You barely miss Grinder.
Grinder is severely wounded.
The goblin hits you but does no damage. Grinder gestures at you.
You resist with significant effort.
You hit Grinder.
Grinder is severely wounded.
The goblin hits you.
* * * LOW HITPOINT WARNING * * *
Grinder gestures at you.
You suddenly lose the ability to move!
The worm bites you!
* * * LOW HITPOINT WARNING * * *
The goblin hits you but does no damage. Grinder gestures at you.
Pain shoots through your body!
You die...

..###.#...##
........<>...##
#.###......##
.....##.[...##
#...........##
####.########
######.#..#..# #.#
#.......#######.###
#..........<.......
#......##..........
###......#%.).5......
##........#...@g..?.!.
###..########....w......
....## #........?..
##### #...........
#...........
##.......... ##.....#...
##########


You could see Grinder, a worm and a goblin.

Vanquished Creatures
  3 adders
  2 worms (D:2)
  A dart slug (D:1)
  3 leopard geckos
  An orc (D:3)
  4 giant cockroaches
  4 goblins
  4 hobgoblins
  3 bats
  5 frilled lizards
  4 kobolds
  5 rats
39 creatures vanquished.

Notes
Turn   | Place    | Note
-------+----------+-------------------------------------------
     0 | D:1      | halftheisland the Troll Berserker began the quest for the Orb.
     0 | D:1      | Reached XP level 1. HP: 22/22 MP: 0/0
   152 | D:1      | Reached skill level 3 in Maces & Flails
   152 | D:1      | Reached XP level 2. HP: 27/29 MP: 1/1
   841 | D:2      | Reached XP level 3. HP: 36/36 MP: 2/2
   950 | D:2      | Reached ** piety under Trog
  1337 | D:3      | Found a blossoming altar of Fedhas.
  1380 | D:3      | Reached XP level 4. HP: 29/45 MP: 3/3
  1441 | D:3      | Reached skill level 4 in Maces & Flails
  1521 | D:3      | Found a faded altar of an unknown god.
  1608 | D:3      | Found a shattered altar of Ashenzari.
  1700 | D:3      | Noticed Grinder
  1700 | D:3      | Paralysed by Grinder for 2 turns
  1711 | D:3      | Paralysed by Grinder for 4 turns
  1711 | D:3      | Killed from afar by Grinder

Skill      XL: |  1  2  3  4 |
---------------+-------------+-----
Maces & Flails | 3 4 |  4.0
Fighting       | 3 |  3.1
Dodging        | |  2.4

Action                   |  1- 3 |  4- 6 || total
-------------------------+-------+-------++-------
Melee: Mace              |   104 |    17 ||   121
  Use: Scroll            |     8 |       ||     8
       Potion            |       |     1 ||     1
  Eat: Chunk             |    11 |     7 ||    18
Armor: Animal skin       |    50 |    10 ||    60
       Skin              |       |     7 ||     7
Dodge: Dodged            |    71 |     4 ||    75
